 Dungeon Crawl Stone Soup version 0.27-a0-59-gfbafd837a3 (webtiles) character file.

Game seed: 9493616847460042691

55 Borgoz the Cutter (level 4, -2/31 HPs)
             Began as a Halfling Monk on Jan 8, 2021.
             Slain by a gnoll
             ... wielding a +0 whip
              (5 damage)
             ... on level 1 of the Dungeon.
             The game lasted 00:01:29 (1563 turns).

Borgoz the Cutter (Halfling Monk)                   Turns: 1563, Time: 00:01:29

Health: -2/31      AC:  5    Str: 13    XL:     4   Next: 14%
Magic:  4/4        EV: 15    Int:  8    God:
Gold:   41         SH:  0    Dex: 16    Spells: 3/3 levels left

rFire    . . .     SeeInvis .   a - +0 short sword
rCold    . . .     Faith    .   (shield restricted)
rNeg     . . .     Spirit   .   g - +0 ring mail (curse)
rPois    .         Reflect  .   (no helmet)
rElec    .         Harm     .   (no cloak)
rCorr    .         Rampage  .   (no gloves)
Will     .....                  (no boots)
Stlth    +.........             (no amulet)
HPRegen  0.10/turn              (no ring)
MPRegen  0.09/turn              (no ring)

@: no status effects
A: small, mutation resistance 1
a: no special abilities


You were on level 1 of the Dungeon.
You visited 1 branch of the dungeon, and saw 2 of its levels.

You collected 41 gold pieces.

Inventory:

Hand Weapons
 a - a +0 short sword (weapon)
Armour
 g - a cursed +0 ring mail (worn)
Scrolls
 b - a scroll of noise {unknown}
 c - 2 scrolls of identify {unknown}
 d - a scroll of fog {unknown}
 e - a scroll of blinking {unknown}
 i - a scroll of amnesia {unknown}
Potions
 f - a potion of attraction {unknown}
 h - a potion of might {unknown}


   Skills:
 + Level 3.2 Fighting
 + Level 4.2 Short Blades
 + Level 1.5 Armour
 + Level 3.8 Dodging
 - Level 2.1 Stealth


You had 3 spell levels left.
You didn't know any spells.
Your spell library was empty.

Dungeon Overview and Level Annotations

Branches:
Dungeon (2/15)

Altars:


Innate Abilities, Weirdness & Mutations

You are small and have problems with some larger weapons.
You are somewhat resistant to further mutation.


Message History

You closely miss the gnoll.
The gnoll is severely wounded.
The gnoll hits you with a +0 whip.
* * * LOW HITPOINT WARNING * * *
You hit the gnoll.
The gnoll is severely wounded.
The gnoll hits you with a +0 whip.
* * * LOW HITPOINT WARNING * * *
You closely miss the gnoll.
The gnoll is severely wounded.
The gnoll closely misses you.
You hit the gnoll.
The gnoll is almost dead.
You closely miss the gnoll.
The gnoll is almost dead.
The gnoll barely misses you.
You barely miss the gnoll.
The gnoll is almost dead.
The gnoll hits you with a +0 whip.
You die...

#.# ###### #.# #....# #.#
#....# #.###....#
#........# ########÷# #.#
########.#########
........)......g@#
####÷###.#.####### #.#
#.#...# #.###.###.#
##...#.# #.# ######
#.)..#.# #.# #....#
###....#.# #.###.(..#######
....†..#.###...'....'.....#
....(###......##....#####.#


You could see a gnoll.

Vanquished Creatures
  2 gnolls (D:1)
  A dart slug (D:1)
  3 leopard geckos (D:1)
  5 hobgoblins (D:1)
  4 jackals (D:1)
  2 ball pythons (D:1)
  A bat (D:1)
  3 frilled lizards (D:1)
  3 goblins (D:1)
  3 kobolds (D:1)
  4 rats (D:1)
31 creatures vanquished.

Notes
Turn   | Place    | Note
-------+----------+-------------------------------------------
     0 | D:1      | Borgoz the Halfling Monk began the quest for the Orb.
     0 | D:1      | Reached XP level 1. HP: 15/15 MP: 1/1
    42 | D:1      | Reached XP level 2. HP: 10/20 MP: 2/2
   517 | D:1      | Reached skill level 1 in Armour
   748 | D:1      | Reached skill level 4 in Short Blades
   748 | D:1      | Reached XP level 3. HP: 20/25 MP: 3/3
  1364 | D:1      | Reached XP level 4. HP: 12/31 MP: 4/4
  1563 | D:1      | Slain by a gnoll

Illustrated notes

Levels and vault maps discovered:
D:1:      lightli_arrival_maybe_door_vault, layout_basic
D:2:      layout_loops_ring, grunt_temple_overflow_holy_war,
          gammafunk_temple_overflow_elements

Skill      XL: |  1  2  3 |
---------------+----------+-----
Armour         | 1 |  1.5
Short Blades   | 4 |  4.2
Fighting       | 3 |  3.2
Dodging        | |  3.8
Stealth        | |  2.1

Action                   |  1- 3 |  4- 6 || total
-------------------------+-------+-------++-------
Melee: Short sword       |   149 |    12 ||   161
 Stab: Sleeping          |     1 |       ||     1
Armor: Robe              |     6 |       ||     6
       Ring mail         |    13 |       ||    13
       Scale mail        |     2 |       ||     2
Dodge: Dodged            |   102 |     5 ||   107

Table legend: (Time is in decaauts)
 A = Elapsed time spent in this place.
 B = Non-inter-level travel time spent in this place.
 C = Inter-level travel time spent in this place.
 D = Time resting spent in this place.
 E = Time spent auto-exploring this place.
 F = Levels seen in this place.
 G = Mean time per level.
                   A        B        C        D        E       F      G
               +--------+--------+--------+--------+--------+-----+--------+
         Total |   1549 |   1543 |      6 |    500 |    749 |   2 |  774.5 |
       Dungeon |   1549 |   1543 |      6 |    500 |    749 |   2 |  774.5 |
               +--------+--------+--------+--------+--------+-----+--------+

Top non-repeatable levels by time:
     D:1: 1539 daAuts
     D:2: 9 daAuts
